 Dungeon Crawl Stone Soup version 0.21.1-1-g345015fe64 (webtiles) character file.

4487 Bapho the Carver (level 10, -15/90 HPs)
             Began as a Minotaur Monk on June 21, 2018.
             Was a Priest of Okawaru.
             Demolished by an orc knight
             ... wielding a +0 glaive
              (30 damage)
             ... in a bailey.
             The game lasted 00:19:10 (9756 turns).

Bapho the Carver (Minotaur Monk)                    Turns: 9756, Time: 00:19:11

Health: -15/90     AC: 18    Str: 15    XL:     10   Next: 16%
Magic:  9/10       EV: 14    Int:  7    God:    Okawaru [***...]
Gold:   566        SH:  4    Dex: 17    Spells: 9/9 levels left

rFire    . . .     SeeInvis +   a - +2 scimitar (flame)
rCold    + . .     Gourm    .   (no shield)
rNeg     + . .     Faith    .   r - +1 chain mail {rN+}
rPois    .         Spirit   .   (helmet restricted)
rElec    .         Reflect  .   x - +2 cloak
rCorr    .         Harm     .   (no gloves)
MR       +....     Clarity  +   l - +0 pair of boots
Stlth    ..........             (no amulet)
HPRegen  0.25/turn              p - ring of see invisible
MPRegen  0.12/turn              (no ring)

@: heroism
A: retaliatory headbutt, horns 2, large bone plates 1, clarity, cold resistance
1, magic resistance 1
a: Heroism, Renounce Religion


You were in a bailey.
You worshipped Okawaru.
Okawaru was most pleased with you.
You were hungry.

You visited 2 branches of the dungeon, and saw 9 of its levels.
You also visited: Bailey.

You collected 566 gold pieces.

Inventory:

Hand Weapons
 a - a +2 scimitar of flaming (weapon)
 b - a +0 shortbow
 G - a +0 falchion
Missiles
 i - 166 stones
 t - 13 tomahawks (quivered)
 y - 25 arrows
Armour
 l - a +0 pair of boots (worn)
 r - a +1 chain mail of positive energy (worn)
 s - a +0 robe
 x - a +2 cloak (worn)
Jewellery
 d - a cursed ring of wizardry {unknown}
 p - a ring of see invisible (left hand)
 E - a +3 ring of protection {unknown}
 F - an uncursed ring of ice {unknown}
Wands
 w - a wand of acid (7)
 D - a wand of iceblast (4)
Scrolls
 e - 4 scrolls of remove curse
 h - 4 scrolls of blinking
 k - 8 scrolls of teleportation
 m - 2 scrolls of random uselessness
 z - a scroll of enchant armour
 A - 2 scrolls of enchant weapon
Potions
 f - 7 potions of curing
 g - a potion of mutation
 j - 2 potions of resistance
 n - 4 potions of lignification
 o - 4 potions of invisibility {unknown}
 q - a potion of agility
 u - 2 potions of flight
 v - a potion of cancellation
 B - 2 potions of heal wounds {unknown}
 C - a potion of might {unknown}
 H - a potion of experience {unknown}
Comestibles
 c - 12 rations


   Skills:
 + Level 8.7(13.7) Fighting
 - Level 10.6(15.6) Long Blades
 * Level 4.2(9.2) Bows
 + Level 7.7(12.7) Armour
 + Level 8.0(13.0) Dodging
 - Level 1.5(6.5) Stealth
 - Level 1.6 Invocations


You had 9 spell levels left.
You didn't know any spells.

Dungeon Overview and Level Annotations

Branches:
Dungeon (8/15)             Temple (1/1) D:7
   Lair: D:8-11

Altars:
Ashenzari
Cheibriados
Dithmenos
Elyvilon
Fedhas
Gozag
Hepliaklqana
Kikubaaqudgha
Makhleb
Nemelex Xobeh
Okawaru
Qazlal
Ru
Sif Muna
Trog
Uskayaw
Vehumet
Wu Jian
Xom
Yredelemnul
Zin
The Shining One

Shops:
D:5 *   D:7 [


Innate Abilities, Weirdness & Mutations

You reflexively headbutt those who attack you in melee.
You have a pair of horns on your head.
You are partially covered in large bone plates. (SH +4)
You possess an exceptional clarity of mind.
Your flesh is cold resistant. (rC+)
You are resistant to hostile enchantments. (MR+)


Message History

You closely miss the orc knight.
The orc knight is moderately wounded.
The orc closely misses you.
The orc warrior hits you from afar with a halberd!!
The orc barely misses you. The orc closely misses you.
You block the orc's attack.
You slash the orc knight! You burn the orc knight.
The orc knight is heavily wounded.
The orc knight hits you from afar with a glaive!!
* * * LOW HITPOINT WARNING * * *
The orc hits you with a war axe!
* * * LOW HITPOINT WARNING * * *
The orc closely misses you.
You riposte.
You hit the orc. You burn the orc.
The orc is severely wounded.
The orc misses you.
You slash the orc knight! You burn the orc knight.
The orc knight is severely wounded.
The orc hits you but does no damage. x2
The orc knight hits you with a glaive!!
You die... ##.....## #.......# #(......# #.......# #(.oo...# #..ooo..# #ooooo#

##ooo##
#..@..#
#.....#
#.....#
#.....#
#.....#
##'''##
##.....##
#.......#
#)......#


You could see 3 orc knights, an orc warrior and 9 orcs.

Vanquished Creatures
  Erica (D:8)
  A hippogriff (D:7)
  The ghost of Kohma the Sneak, an amateur SpVM of Sif Muna (D:4)
  A hungry ghost (D:8)
  6 orc warriors
  3 ice beasts
  A phantom (D:7)
  3 ogres
  2 centaurs (D:6)
  A big kobold (D:8)
  5 bullfrogs
  2 scorpions (D:7)
  4 killer bees
  A howler monkey (D:5)
  A bullfrog zombie (D:8)
  7 crimson imps
  4 hounds
  3 jellies
  A bullfrog skeleton (D:6)
  An orc priest (D:7)
  2 iguanas (D:5)
  Ijyb (D:4)
  7 orc wizards
  5 worker ants
  2 killer bee zombies
  A hound zombie (D:8)
  A mummy (D:5)
  3 worker ant zombies
  3 gnolls (D:6)
  A howler monkey skeleton (D:4)
  6 adders
  A worm (D:3)
  5 leopard geckos
  48 orcs
  3 giant cockroaches
  7 goblins
  4 hobgoblins
  15 jackals
  4 quokkas
  5 bats
  5 frilled lizards
  9 kobolds
  2 kobold zombies (D:5)
  2 orc zombies (D:5)
  A quokka zombie (D:7)
  10 rats
202 creatures vanquished.

Notes
Turn   | Place    | Note
-------+----------+-------------------------------------------
     0 | D:1      | Bapho the Minotaur Monk began the quest for the Orb.
     0 | D:1      | Reached XP level 1. HP: 19/19 MP: 0/0
   236 | D:1      | Reached XP level 2. HP: 27/27 MP: 1/1
   329 | D:1      | Reached skill level 4 in Long Blades
   789 | D:2      | Reached skill level 1 in Armour
   901 | D:2      | Reached XP level 3. HP: 32/33 MP: 2/2
  1605 | D:2      | Found a glowing golden altar of the Shining One.
  1622 | D:2      | Found a shattered altar of Ashenzari.
  1622 | D:2      | Found a snail-covered altar of Cheibriados.
  1623 | D:2      | Found a blossoming altar of Fedhas.
  1797 | D:2      | Reached XP level 4. HP: 40/40 MP: 3/3
  2020 | D:2      | Found a deep blue altar of Sif Muna.
  2447 | D:3      | Reached skill level 5 in Long Blades
  3186 | D:3      | Reached XP level 5. HP: 41/47 MP: 4/4
  3311 | D:4      | Found a glowing golden altar of the Shining One.
  3578 | D:4      | Found a shadowy altar of Dithmenos.
  3597 | D:4      | Noticed Ijyb
  3606 | D:4      | Killed Ijyb
  3695 | D:4      | Noticed Kohma's ghost (amateur SpVM)
  3711 | D:4      | Gained mutation: Your flesh is cold resistant. (rC+) [potion of mutation]
  3711 | D:4      | Gained mutation: You are partially covered in large bone plates. (SH +4) [potion of mutation]
  3711 | D:4      | Gained mutation: You are resistant to hostile enchantments. (MR+) [potion of mutation]
  3711 | D:4      | Gained mutation: You possess an exceptional clarity of mind. [potion of mutation]
  3725 | D:4      | Killed Kohma's ghost
  3725 | D:4      | Reached skill level 5 in Fighting
  3725 | D:4      | Reached skill level 6 in Long Blades
  3725 | D:4      | Reached XP level 6. HP: 15/56 MP: 5/5
  4267 | D:5      | Entered Level 5 of the Dungeon
  4271 | D:5      | Found Buamiust's General Store.
  4723 | D:5      | Found a burning altar of Makhleb.
  4766 | D:5      | Reached XP level 7. HP: 60/61 MP: 6/6
  4841 | D:5      | Reached skill level 5 in Dodging
  4954 | D:5      | Reached skill level 7 in Long Blades
  5574 | D:6      | Found a basalt altar of Yredelemnul.
  5893 | D:6      | Reached skill level 8 in Long Blades
  5893 | D:6      | Reached XP level 8. HP: 39/70 MP: 7/7
  6232 | D:6      | Reached skill level 5 in Armour
  6691 | D:6      | Reached skill level 9 in Long Blades
  6930 | D:7      | Noticed a hippogriff
  6938 | D:7      | Killed a hippogriff
  7170 | D:7      | Reached XP level 9. HP: 71/79 MP: 8/8
  7363 | D:7      | Found a staircase to the Ecumenical Temple.
  7369 | Temple   | Entered the Ecumenical Temple
  7431 | Temple   | Became a worshipper of Warmaster Okawaru
  7431 | Temple   | Reached * piety under Okawaru
  7431 | Temple   | Reached ** piety under Okawaru
  7843 | D:7      | Reached skill level 10 in Long Blades
  8038 | D:7      | Reached skill level 1 in Invocations
  8210 | D:7      | Found Xufasavu's Armour Shoppe.
  8526 | D:7      | Reached *** piety under Okawaru
  8879 | D:8      | Reached skill level 1 in Bows
  8957 | D:8      | Noticed Erica
  8988 | D:8      | Killed Erica
  8988 | D:8      | Reached XP level 10. HP: 31/90 MP: 8/10
  9079 | D:8      | Found a flagged portal.
  9096 | Bailey   | Entered a bailey
  9741 | Bailey   | Noticed an orc knight
  9742 | Bailey   | Noticed an orc knight
  9749 | Bailey   | Noticed an orc knight
  9756 | Bailey   | Demolished by an orc knight

Skill      XL: |  1  2  3  4  5  6  7  8  9 10 |
---------------+-------------------------------+-----
Long Blades    | 4 5 6 8 9 10 | 10.6
Armour         | 1 2 3 4 6 7 |  7.7
Fighting       | 4 5 6 7 8 |  8.7
Dodging        | 4 5 6 7 8 |  8.0
Invocations    | 1 |  1.6
Bows           | 3 4 |  4.2
Stealth        | |  1.5

Action                   |  1- 3 |  4- 6 |  7- 9 | 10-12 || total
-------------------------+-------+-------+-------+-------++-------
Melee: Falchion          |    83 |   138 |   410 |       ||   631
       Headbutt          |     6 |    26 |   107 |    12 ||   151
       Scimitar          |       |       |       |    49 ||    49
 Fire: Shortbow          |       |       |    60 |     8 ||    68
Throw: Stone             |    67 |    42 |    55 |       ||   164
       Tomahawk          |    10 |    50 |    57 |     5 ||   122
Invok: Heroism           |       |       |     2 |     3 ||     5
  Use: Potion            |       |     3 |     1 |       ||     4
       Scroll            |       |       |    14 |     1 ||    15
  Eat: Chunk             |     3 |     6 |    11 |     3 ||    23
       Ration            |       |     1 |     1 |       ||     2
Armor: Robe              |    14 |     1 |       |       ||    15
       Chain mail        |       |    40 |   161 |    43 ||   244
Dodge: Dodged            |    56 |    56 |   145 |    93 ||   350
Block: Other             |       |     7 |    56 |    25 ||    88
       Rpst.: Falchion   |    10 |    19 |    38 |       ||    67
       Scimitar          |       |       |       |    11 ||    11
